[Event "Team 45 45 League T49"]
[Site "Internet Chess Club"]
[Date "2011.05.29"]
[Round "3"]
[White "tsia68"]
[Black "Terte"]
[Result "0-1"]
[WhiteElo "1890"]
[BlackElo "1998"]
[Opening "English: closed system"]
[ECO "A25"]
[Time "03:07:33"]
[TimeControl "2700+45"]

1. c4 e5 2. g3 Nc6 3. Nc3 g6 4. Bg2 Bg7 5. e4 d6 6. Nge2 Nh6 7. d3 O-O 8. O-O
Be6 9. h3 Qd7 10. Kh2 f5 11. Be3 f4 12. gxf4 exf4 13. Bxf4 Rxf4 14. Nxf4 Be5 15.
Ne2 Rf8 16. Qd2 g5 17. Kh1 Bxf4 18. Nxf4 Rxf4 19. Qe3 Nf7 20. b3 Rh4 21. Kh2
Nce5 22. Qg3 Ng6 23. Rh1 Nf4 {White resigns} 0-1

[Event "Team 45 45 League T49"]
[Site "Internet Chess Club"]
[Date "2011.05.29"]
[Round "3"]
[White "mugurelt"]
[Black "gerailen0075"]
[Result "0-1"]
[WhiteElo "1703"]
[BlackElo "1933"]
[Opening "English: symmetrical, four knights system"]
[ECO "A30"]
[Time "17:42:42"]
[TimeControl "2700+45"]

1. c4 c5 2. Nf3 Nf6 3. Nc3 Nc6 4. g3 d5 5. cxd5 Nxd5 6. Bg2 Nc7 7. O-O e5 8. d3
Be7 9. b3 O-O 10. Bb2 Bg4 11. h3 Be6 12. Rc1 f6 13. Na4 Qd7 14. h4 b6 15. Qd2
Rac8 16. Rfd1 Bh3 17. d4 Bxg2 18. Kxg2 e4 19. dxc5 exf3+ {White resigns} 0-1

[Event "Team 45 45 League T49"]
[Site "Internet Chess Club"]
[Date "2011.05.28"]
[Round "3"]
[White "Duguesclin"]
[Black "Victorianum"]
[Result "1-0"]
[WhiteElo "1594"]
[BlackElo "1749"]
[Opening "Bogo-Indian defense"]
[ECO "E11"]
[Time "05:00:35"]
[TimeControl "2700+45"]

1. d4 Nf6 2. c4 e6 3. Nf3 Bb4+ 4. Bd2 a5 5. Qa4 Qe7 6. Nc3 O-O 7. e3 d6 8. Be2
Bd7 9. Qb3 Nc6 10. a3 a4 11. Qc2 Bxc3 12. Bxc3 d5 13. O-O Ne4 14. Ne5 Nxc3 15.
Qxc3 Nxe5 16. dxe5 c5 17. Rfd1 Bc6 18. Rac1 Rac8 19. Bf3 Rfd8 20. cxd5 Bxd5 21.
Bxd5 exd5 22. Qa5 Qxe5 23. Rxc5 Qxb2 24. Rxc8 Rxc8 25. Qxd5 g6 26. g3 Rc1 27.
Rxc1 Qxc1+ 28. Kg2 Qxa3 29. Qxb7 Qa1 30. h4 a3 31. g4 Qb2 32. Qc8+ Kg7 33. h5 a2
34. h6+ Kxh6 35. Qf8+ Kg5 36. Qe7+ f6 37. Kg3 Qb8+ 38. f4+ Kh6 39. Qxf6 Qa8 40.
g5+ Kh5 41. Qg7 Qb7 42. Qh6# {Black checkmated} 1-0

[Event "Team 45 45 League T49"]
[Site "Internet Chess Club"]
[Date "2011.05.29"]
[Round "3"]
[White "chrisgianno"]
[Black "Konstantinos"]
[Result "0-1"]
[WhiteElo "1534"]
[BlackElo "1775"]
[Opening "QGD Slav defense"]
[ECO "D10"]
[Time "05:27:22"]
[TimeControl "2700+45"]

1. d4 d5 2. c4 c6 3. Nc3 Nf6 4. Bg5 e6 5. e4 dxe4 6. Nxe4 Be7 7. Nxf6+ Bxf6 8.
Bxf6 Qxf6 9. Nf3 Nd7 10. Bd3 b6 11. O-O Bb7 12. Be4 Rb8 13. Re1 O-O 14. Qc2 h6
15. Ne5 Nxe5 16. dxe5 Qe7 17. Re3 c5 18. Bd3 Rfd8 19. Rg3 Rd4 20. Qd2 Qh4 21.
Re1 Rbd8 22. Ree3 Qf4 23. h3 Rxd3 24. Rxg7+ Kf8 25. Rg8+ Ke7 26. Rxd8 Rxd8 27.
Qc2 Qf5 28. Qa4 Qb1+ 29. Kh2 Rg8 30. f3 Qxb2 31. Qxa7 Qxg2# {White checkmated}
0-1

[Event "Team 45 45 League T49"]
[Site "Internet Chess Club"]
[Date "2011.05.28"]
[Round "3"]
[White "jjmolina"]
[Black "CaoCao"]
[Result "1/2-1/2"]
[WhiteElo "1749"]
[BlackElo "1864"]
[Opening "Caro-Kann: classical, Spassky variation"]
[ECO "B18"]
[Time "14:37:05"]
[TimeControl "2700+45"]

1. e4 c6 2. d4 d5 3. Nc3 dxe4 4. Nxe4 Bf5 5. Ng3 Bg6 6. Nf3 Nd7 7. h4 h6 8. h5
Bh7 9. Bd3 Bxd3 10. Qxd3 e6 11. Bd2 Qc7 12. Qe2 Ngf6 13. O-O-O O-O-O 14. Ne5 Nb8
15. Rh4 Bd6 16. Qe1 c5 17. Ba5 b6 18. Bc3 Bxe5 19. dxe5 Rxd1+ 20. Qxd1 Rd8 21.
Qe2 Nd5 22. Ne4 Nxc3 23. Nxc3 Nc6 24. f4 Nd4 25. Qf2 Qc6 26. Rg4 Nf5 27. Qe2 Kb8
28. a4 Rd4 29. Kb1 Qd7 30. Qb5 Qxb5 31. axb5 Kc7 32. Kc1 Kd8 33. Ne2 Rd7 34. Nc3
Ke7 35. b3 Kf8 36. Ne4 Rd4 37. Nc3 Kg8 38. Ne2 Rd7 39. Nc3 Kh7 40. Ne4 Rd4 41.
Nc3 Rd8 42. Ne4 {Game drawn by mutual agreement} 1/2-1/2

[Event "Team 45 45 League T49"]
[Site "Internet Chess Club"]
[Date "2011.05.29"]
[Round "3"]
[White "RamRock"]
[Black "frank001"]
[Result "0-1"]
[WhiteElo "1832"]
[BlackElo "1622"]
[Opening "Caro-Kann: advance variation"]
[ECO "B12"]
[Time "00:01:50"]
[TimeControl "2700+45"]

1. e4 c6 2. d4 d5 3. e5 Bf5 4. Bd3 Bxd3 5. Qxd3 e6 6. f4 Ne7 7. Nf3 Qa5+ 8. c3
Qa6 9. Qxa6 Nxa6 10. g4 h5 11. g5 c5 12. Be3 Nf5 13. Bf2 cxd4 14. Nxd4 Nxd4 15.
Bxd4 Bc5 16. a3 Bxd4 17. cxd4 g6 18. Nc3 Nc7 19. Rc1 Kd7 20. Kd2 Rhc8 21. Rc2
Ne8 22. Rhc1 Rc4 23. Nb5 Rxc2+ 24. Rxc2 a6 25. Nc3 Rc8 26. Na4 Rxc2+ 27. Kxc2
Ng7 28. Kd3 Nf5 29. Nc3 Kc6 30. b4 Nh4 31. Ne2 Nf3 32. Ng3 Nxh2 33. Nxh5 gxh5
34. f5 exf5 35. e6 fxe6 36. g6 Ng4 37. g7 Nf6 38. Ke3 Kd6 39. Kf4 Ke7 {White
resigns} 0-1

[Event "Team 45 45 League T49"]
[Site "Internet Chess Club"]
[Date "2011.05.30"]
[Round "3"]
[White "RD1974"]
[Black "isolani"]
[Result "0-1"]
[WhiteElo "1586"]
[BlackElo "1531"]
[Opening "Pirc: Ufimtsev-Pytel variation"]
[ECO "B07"]
[Time "18:52:37"]
[TimeControl "2700+45"]

1. e4 d6 2. d4 Nf6 3. Nc3 c6 4. f4 Qa5 5. Bd3 e5 6. Bd2 Qb6 7. dxe5 dxe5 8. fxe5
Ng4 9. Qe2 Nxe5 10. Nf3 Bg4 11. h3 Bxf3 12. gxf3 Nbd7 13. f4 Nxd3+ 14. cxd3 Be7
15. Be3 Qa5 16. a3 b5 17. Kf2 Bh4+ 18. Kg2 O-O 19. Qg4 Qd8 20. e5 Qe7 21. Ne4 f5
22. exf6 Bxf6 23. Nxf6+ Nxf6 24. Qf3 Nd5 25. Rae1 Qf6 26. Rhf1 Qxb2+ 27. Rf2
Qxa3 28. Bc1 Qd6 29. f5 Rae8 30. Re4 Nf6 31. Rf4 Qd5 32. Ba3 Qxf3+ 33. R4xf3 Rf7
34. Rc2 a5 35. Rxc6 b4 36. Bc1 Rb7 37. Rf2 Ra8 38. Bb2 Kf7 39. Kf3 a4 40. Rfc2
a3 41. Rc7+ Rxc7 42. Rxc7+ Kf8 43. Be5 a2 44. Rc1 b3 45. Bb2 Nd5 46. Ke4 Nb4 47.
Rg1 Nc2 48. Bxg7+ Ke8 49. Bb2 Kd7 50. d4 a1=Q 51. Bxa1 Rxa1 52. Rg7+ Kc8 53. f6
b2 54. f7 Rf1 55. Rg8+ Kc7 56. f8=Q Rxf8 57. Rg7+ Kc8 58. d5 b1=Q 59. d6 Nb4+
60. Ke3 Qd3# {White checkmated} 0-1

[Event "Team 45 45 League T49"]
[Site "Internet Chess Club"]
[Date "2011.05.28"]
[Round "3"]
[White "pawn111"]
[Black "subterfuge"]
[Result "1-0"]
[WhiteElo "1866"]
[BlackElo "1724"]
[Opening "Caro-Kann: advance variation"]
[ECO "B12"]
[Time "14:04:44"]
[TimeControl "2700+45"]

1. e4 c6 2. d4 d5 3. e5 Bf5 4. Nc3 e6 5. Bd3 Bg6 6. h4 Be7 7. Nf3 Nd7 8. Bg5 Qc7
9. Bxe7 Nxe7 10. Ng5 h6 11. Nh3 O-O-O 12. b4 Rhe8 13. Nf4 Be4 14. Bxe4 dxe4 15.
Qc1 Nf5 16. Nxe4 Nxe5 17. c3 Ng6 18. Nxg6 fxg6 19. Qc2 e5 20. g4 Nxd4 21. cxd4
exd4 22. O-O Qf4 23. f3 h5 24. b5 d3 25. Qg2 cxb5 26. Nc3 Re5 27. Nd1 Re2 28.
Nf2 d2 29. Qh3 Qe3 30. Rad1 Kb8 31. Qg3+ Kc8 32. Kh1 Re1 33. Kg2 Qe2 34. Rh1 Re8
35. Qf4 Rxh1 36. Rxh1 Rd8 37. Rd1 hxg4 38. Qxg4+ Kb8 39. Qxg6 Qc4 40. Qg5 Rd5
41. Qxg7 Qxh4 42. Qg8+ Rd8 43. Qg3+ Qxg3+ 44. Kxg3 Rg8+ 45. Kf4 Rf8+ 46. Ke3
Re8+ 47. Ne4 a5 48. Rxd2 Ka7 49. Rd7 Rc8 50. a3 Kb6 51. Rd4 Rc2 52. f4 Ra2 53.
Rd6+ Kc7 54. Rd3 b4 55. axb4 axb4 56. Rb3 Ra3 57. Rxa3 bxa3 58. Nc3 Kc6 59. Kd4
b5 60. Na2 Kd6 61. f5 Ke7 62. Ke5 Kf7 63. f6 Ke8 64. Ke6 {Black resigns} 1-0

[Event "Team 45 45 League T49"]
[Site "Internet Chess Club"]
[Date "2011.05.26"]
[Round "3"]
[White "Innes"]
[Black "Giacometti"]
[Result "1-0"]
[WhiteElo "1714"]
[BlackElo "1645"]
[Opening "Caro-Kann: anti-anti-Caro-Kann defense"]
[ECO "B10"]
[Time "19:00:23"]
[TimeControl "2700+45"]

1. e4 c6 2. c4 d5 3. cxd5 cxd5 4. exd5 Nf6 5. d4 Nxd5 6. Nc3 e6 7. Nf3 Be7 8.
Bd3 O-O 9. h4 Nc6 10. a3 Bf6 11. Bg5 Re8 12. Ne4 Bxg5 13. hxg5 e5 14. Rxh7 exd4
15. Kd2 Nf4 16. Qh1 Ng6 17. Nf6+ gxf6 18. Qh6 {Black resigns} 1-0

[Event "Team 45 45 League T49"]
[Site "Internet Chess Club"]
[Date "2011.05.29"]
[Round "3"]
[White "DanMcClintic"]
[Black "wrimle"]
[Result "1/2-1/2"]
[WhiteElo "1590"]
[BlackElo "1689"]
[Opening "Scandinavian gambit"]
[ECO "B01"]
[Time "15:01:23"]
[TimeControl "2700+45"]

1. e4 d5 2. exd5 Nf6 3. c4 c6 4. dxc6 Nxc6 5. Nc3 e5 6. d3 Bf5 7. a3 e4 8. dxe4
Qxd1+ 9. Nxd1 Nxe4 10. Ne3 Bg6 11. Nd5 O-O-O 12. Be3 Bd6 13. b4 Be5 14. O-O-O
Nc3 15. Rd2 Nb1 16. Ra2 Nc3 17. Rd2 Nb1 18. Ra2 Nc3 19. Nxc3 Bxc3 20. Ne2 Bf6
21. Nf4 Bf5 22. Nd5 Be5 23. b5 Rxd5 24. cxd5 Nd4 25. Bc4 Kd7 26. Kd2 Rc8 27. Rc1
Kd6 28. h3 Bd7 29. Bxd4 Bxd4 30. Kd3 Be5 31. a4 b6 32. g4 f5 33. f3 h6 34. Rac2
fxg4 35. fxg4 Be8 36. Ke2 Bg6 37. Bd3 Rxc2+ 38. Rxc2 Bf7 39. Be4 Be8 40. Rc4 Bd7
41. Bg2 Bf6 42. Kf3 Kxd5 43. Rc7 Kd6 44. Rxa7 Be6 45. Ke4 Bd5+ 46. Kf5 Bxg2 47.
h4 Bf1 48. g5 Bd3+ 49. Kg4 hxg5 50. hxg5 Bd4 51. Ra8 Kc5 52. a5 bxa5 53. Rxa5
Bxb5 54. Kf5 Kb6 55. Ra8 Bd3+ 56. Kg4 Bg6 57. Rd8 Kc5 58. Rc8+ Kd5 59. Ra8 Ke5
60. Ra5+ Ke4 61. Rb5 Be8 62. Rb7 Bg6 63. Rb5 Bf7 64. Rb7 Be6+ 65. Kh5 Bf5 66.
Re7+ Kf4 67. Rf7 g6+ 68. Kh6 Bc5 69. Rf6 Be7 70. Rxg6 Bxg6 71. Kxg6 Bxg5 {Game
drawn because neither player has mating material} 1/2-1/2

[Event "Team 45 45 League T49"]
[Site "Internet Chess Club"]
[Date "2011.05.27"]
[Round "3"]
[White "Zumbi"]
[Black "chess9793"]
[Result "1-0"]
[WhiteElo "2171"]
[BlackElo "2121"]
[Opening "Sicilian: accelerated fianchetto, modern variation with Bc4"]
[ECO "B35"]
[Time "22:35:35"]
[TimeControl "2700+45"]

1. e4 c5 2. Nf3 Nc6 3. d4 cxd4 4. Nxd4 g6 5. Nc3 Bg7 6. Be3 Nf6 7. Bc4 Qa5 8.
O-O O-O 9. Nb3 Qc7 10. Bg5 a6 11. Be2 d6 12. a4 Nb4 13. a5 Be6 14. Ra4 Bxb3 15.
cxb3 Nc6 16. Bxf6 exf6 17. Nd5 Qd8 18. Qd2 Re8 19. Rd1 f5 20. exf5 Nd4 21. Rxd4
Bxd4 22. Qxd4 Rxe2 23. Nf6+ Kf8 24. Nxh7+ Kg8 25. Nf6+ Kf8 26. Nd5 Kg8 27. fxg6
Qxa5 28. gxf7+ Kxf7 29. Qf6+ Kg8 30. Qg6+ Kf8 31. Qxd6+ Ke8 32. Qg6+ Kf8 33.
Qf5+ Ke8 34. Nf6+ Kf7 35. Qxa5 {Black resigns} 1-0

[Event "Team 45 45 League T49"]
[Site "Internet Chess Club"]
[Date "2011.05.28"]
[Round "3"]
[White "wilson97"]
[Black "grabuark"]
[Result "1/2-1/2"]
[WhiteElo "1931"]
[BlackElo "2060"]
[Opening "Sicilian: dragon, classical, Richter variation"]
[ECO "B73"]
[Time "22:00:26"]
[TimeControl "2700+45"]

1. e4 c5 2. Nf3 d6 3. d4 cxd4 4. Nxd4 Nf6 5. Nc3 g6 6. Be2 Bg7 7. O-O O-O 8. Be3
Nc6 9. Qd2 Ng4 10. Bxg4 Bxg4 11. h3 Bd7 12. Nxc6 bxc6 13. Bh6 Rb8 14. Bxg7 Kxg7
15. b3 Qa5 16. Rad1 f6 17. Qe3 Qb6 18. Rfe1 Qxe3 19. Rxe3 a5 20. f4 g5 21. fxg5
fxg5 22. e5 d5 23. Na4 Rb4 24. Nc5 Bc8 25. c3 Rb5 26. Na4 Be6 27. Nb2 c5 {Game
drawn by mutual agreement} 1/2-1/2

[Event "Team 45 45 League T49"]
[Site "Internet Chess Club"]
[Date "2011.05.28"]
[Round "3"]
[White "Tobiasdelmonte"]
[Black "flyingpawns"]
[Result "1-0"]
[WhiteElo "1977"]
[BlackElo "1699"]
[Opening "Catalan: closed, main line"]
[ECO "E09"]
[Time "00:15:10"]
[TimeControl "2700+45"]

1. d4 d5 2. c4 c6 3. Nf3 Nf6 4. Nbd2 e6 5. g3 Nbd7 6. Bg2 Be7 7. O-O O-O 8. Qc2
Qc7 9. e4 dxe4 10. Nxe4 Nxe4 11. Qxe4 Nf6 12. Qc2 Rd8 13. b3 c5 14. Rd1 cxd4 15.
Nxd4 a6 16. Bb2 Bd7 17. Qe2 e5 18. Nf3 e4 19. Ne5 Bf5 20. g4 Bg6 21. Nxg6 hxg6
22. g5 Nd7 23. h4 Nc5 24. Rxd8+ Rxd8 25. Rd1 Rxd1+ 26. Qxd1 Qf4 27. Qd4 Ne6 28.
Qxe4 Qxe4 29. Bxe4 b5 30. Bb7 Nc5 31. Bd5 bxc4 32. Bxc4 a5 33. Bc3 a4 34. b4 Ne4
35. Be1 Nd6 36. Bd5 Nf5 37. f3 Nd4 38. Be4 a3 39. Kf2 Bd8 40. Ke3 Bb6 41. Kd3
Nb5 42. Bg3 Kh7 43. Kc4 Na7 44. Bb7 {Black resigns} 1-0

[Event "Team 45 45 League T49"]
[Site "Internet Chess Club"]
[Date "2011.05.26"]
[Round "3"]
[White "Portola"]
[Black "Goli"]
[Result "0-1"]
[WhiteElo "1811"]
[BlackElo "1882"]
[Opening "King's Indian: London system"]
[ECO "A48"]
[Time "14:30:27"]
[TimeControl "2700+45"]

1. d4 Nf6 2. Nf3 g6 3. Bf4 Bg7 4. h3 O-O 5. e3 d6 6. Nbd2 Nc6 7. Bc4 Nh5 8. Bh2
a6 9. c3 b5 10. Bb3 Bb7 11. O-O Rc8 12. Qe2 Na5 13. Bc2 c5 14. dxc5 dxc5 15.
Rfd1 Qb6 16. Be4 Nf6 17. Bxb7 Nxb7 18. Nb3 a5 19. c4 a4 20. Nbd2 b4 21. e4 Nd7
22. e5 Rfd8 23. Ne4 Nf8 24. Nfg5 h6 25. Nf3 Ne6 26. Bg3 Na5 27. Rd5 Nc6 28. Rad1
Ncd4 29. Nxd4 Nxd4 30. Qd2 Rxd5 31. cxd5 Nf5 32. Bh2 Qb7 33. f3 c4 34. d6 exd6
35. Nxd6 Qb6+ 36. Kh1 Nxd6 37. exd6 c3 38. bxc3 bxc3 39. Qc2 Qb2 40. Rc1 Rd8 41.
Bg3 Qxc2 42. Rxc2 Kf8 43. Bf2 Ke8 44. Bc5 Kd7 45. Bb4 Rc8 46. f4 Rc4 47. a3 Rxf4
48. Bxc3 Rc4 49. Bxg7 Rxc2 50. Bxh6 Kxd6 51. Bf8+ Kd5 52. Kh2 Kc4 53. Kg3 Kb3
54. h4 Ra2 55. h5 gxh5 {White resigns} 0-1

[Event "Team 45 45 League T49"]
[Site "Internet Chess Club"]
[Date "2011.05.30"]
[Round "3"]
[White "egyptiantiger"]
[Black "chiiwen"]
[Result "1/2-1/2"]
[WhiteElo "2094"]
[BlackElo "2144"]
[Opening "QGD Slav defense"]
[ECO "D10"]
[Time "17:09:53"]
[TimeControl "2700+45"]

1. d4 d5 2. c4 c6 3. g3 Nf6 4. Bg2 Bf5 5. Qb3 Qb6 6. c5 Qxb3 7. axb3 Nbd7 8. Nf3
a6 9. O-O g6 10. Nbd2 Bg7 11. b4 O-O-O 12. Nb3 Rde8 13. b5 cxb5 14. c6 bxc6 15.
Na5 Kc7 16. Bf4+ Kb6 17. Rfc1 Rc8 18. b4 Nh5 19. Be3 Rhd8 20. Rc3 Nb8 21. h3 Bd7
22. Ne5 Be8 23. g4 Nf6 24. f4 Ng8 25. Nd3 e6 26. Nc5 Bf8 27. Nab3 Nf6 28. Rc2
Nfd7 29. Nd3 f6 30. Rca2 Bd6 31. Nbc5 Bxc5 32. bxc5+ Kb7 33. Nb4 Bf7 34. h4 Re8
35. Bh3 f5 36. g5 h5 37. Kf2 Rcd8 38. Bd2 Rc8 39. e3 Red8 40. Bf1 Rc7 41. Nxa6
Nxa6 42. Rxa6 Rb8 43. Ba5 Kxa6 44. Bxc7+ Kb7 45. Bxb8 Nxb8 46. Ke1 Be8 47. Kd2
Nd7 48. Kc3 Nf8 49. Kb4 Bd7 50. Be2 Be8 51. Rg1 Kc7 52. Ka5 Kb7 53. Kb4 Kc7 54.
Ra1 Kb7 55. Ka5 Ka7 56. Rc1 Kb7 57. Rc2 Bd7 58. Rc1 Be8 59. Kb4 Bd7 60. Ra1 Be8
{Game drawn by repetition} 1/2-1/2

[Event "Team 45 45 League T49"]
[Site "Internet Chess Club"]
[Date "2011.05.30"]
[Round "3"]
[White "Memphischess"]
[Black "RosewoodTele"]
[Result "1-0"]
[WhiteElo "2095"]
[BlackElo "1834"]
[Opening "Sicilian: dragon, Yugoslav attack"]
[ECO "B75"]
[Time "19:00:41"]
[TimeControl "2700+45"]

1. e4 c5 2. Nf3 d6 3. d4 cxd4 4. Nxd4 Nf6 5. Nc3 g6 6. Be3 Bg7 7. f3 a6 8. Qd2
Nbd7 9. O-O-O b5 10. g4 Bb7 11. h4 Rc8 12. h5 b4 13. Nce2 e5 14. hxg6 exd4 15.
gxf7+ Kxf7 16. Nxd4 Ne5 17. g5 Nxe4 18. fxe4 Bxe4 19. Bg2 Bxg2 20. Qxg2 Qa5 21.
Rhf1+ Kg8 22. Nf5 Bf8 23. Nh6+ Bxh6 24. gxh6+ Ng6 25. Rxd6 Qh5 26. Qf2 Rf8 27.
Rxg6+ {Black resigns} 1-0

[Event "Team 45 45 League T49"]
[Site "Internet Chess Club"]
[Date "2011.05.26"]
[Round "3"]
[White "Atlantis"]
[Black "Superman"]
[Result "1-0"]
[WhiteElo "1898"]
[BlackElo "1828"]
[Opening "QGD: Albin counter-gambit"]
[ECO "D08"]
[Time "19:09:28"]
[TimeControl "2700+45"]

1. d4 d5 2. c4 e5 3. e3 exd4 4. exd4 dxc4 5. Bxc4 Bb4+ 6. Nc3 c6 7. Ne2 Nf6 8.
O-O O-O 9. a3 Be7 10. d5 Re8 11. Bf4 cxd5 12. Nxd5 Nxd5 13. Bxd5 Nd7 14. Qb3 Rf8
15. Rad1 Qb6 16. Qc2 Nf6 17. Bc7 Qb5 18. Bc4 Qc6 19. Nd4 Qc5 20. b4 Qg5 21. Nf3
Qh5 22. Rfe1 Re8 23. Re5 Qg4 24. Rd4 Qg6 25. Bd3 Qh6 26. Rh4 Nh5 {Black resigns}
1-0

[Event "Team 45 45 League T49"]
[Site "Internet Chess Club"]
[Date "2011.05.31"]
[Round "3"]
[White "CamLeslie"]
[Black "DieHappy"]
[Result "0-1"]
[WhiteElo "1987"]
[BlackElo "2598"]
[Opening "Sicilian: closed"]
[ECO "B23"]
[Time "17:00:11"]
[TimeControl "2700+45"]

1. e4 c5 2. Nc3 d6 3. f4 g6 4. Nf3 Bg7 5. Bb5+ Bd7 6. Bxd7+ Qxd7 7. d3 Nc6 8.
O-O Nf6 9. Qe1 O-O 10. Qh4 Rac8 11. f5 Nd4 12. Bh6 Nxc2 13. Ng5 Nxa1 14. Nd5 Nh5
15. Bxg7 Kxg7 16. Nxe7 Rce8 17. g4 Qxe7 18. gxh5 gxf5 19. exf5 Kh8 20. f6 Qe3+
21. Kh1 Re5 22. Rg1 h6 23. Nxf7+ Rxf7 24. Qg4 Rg5 {White resigns} 0-1

[Event "Team 45 45 League T49"]
[Site "Internet Chess Club"]
[Date "2011.06.04"]
[Round "3"]
[White "sandham"]
[Black "chess9793"]
[Result "1-0"]
[WhiteElo "2148"]
[BlackElo "2106"]
[Opening "Grünfeld: Three knights variation"]
[ECO "D90"]
[Time "20:01:07"]
[TimeControl "2700+45"]

1. d4 Nf6 2. Nf3 g6 3. c4 Bg7 4. Nc3 d5 5. cxd5 Nxd5 6. Bd2 O-O 7. Rc1 Nb6 8. e3
Nc6 9. Be2 e5 10. dxe5 Nxe5 11. Nxe5 Bxe5 12. O-O Be6 13. b3 Qe7 14. Qc2 Rad8
15. f4 Bf5 16. Qb2 Bg7 17. Bf3 c6 18. Rfe1 Be4 19. Bxe4 Qxe4 20. Nxe4 Bxb2 21.
Rc2 Bg7 22. Nc5 Rb8 23. e4 Rfd8 24. Be3 Bd4 25. Kf2 Bxc5 26. Bxc5 Rd3 27. Re3
Rd1 28. f5 Kg7 29. g4 h6 30. h4 Re8 31. Rce2 Nd7 32. Bb4 Ne5 33. Bc3 f6 34. Kg3
Rg1+ 35. Kh3 Nxg4 36. Rd3 gxf5 37. Rd7+ Kg6 38. exf5+ Kxf5 39. Rxe8 Kf4 40. Rd4+
Kf3 41. Rd3+ Kf4 42. Bd2+ Kf5 43. Rf3+ Kg6 44. Rg8+ Kf7 45. Rxg4 Ra1 46. Rxf6+
Ke7 47. Rxh6 Rxa2 48. Rg7+ Kf8 49. Rxb7 Kg8 50. Rxc6 {Black resigns} 1-0

[Event "Team 45 45 League T49"]
[Site "Internet Chess Club"]
[Date "2011.05.28"]
[Round "3"]
[White "Chess-Dream"]
[Black "Ptzz"]
[Result "0-1"]
[WhiteElo "1939"]
[BlackElo "2102"]
[Opening "QGD Slav: 4.e3 Bf5"]
[ECO "D12"]
[Time "14:00:26"]
[TimeControl "2700+45"]

1. Nf3 d5 2. d4 Nf6 3. c4 c6 4. e3 Bf5 5. Nc3 e6 6. Nh4 Be4 7. f3 Bg6 8. Qb3 Qb6
9. Nxg6 hxg6 10. Be2 Nbd7 11. Bd2 Bd6 12. f4 dxc4 13. Qxc4 Nd5 14. O-O N7f6 15.
Rab1 g5 16. g3 gxf4 17. gxf4 g5 18. fxg5 Bxh2+ 19. Kg2 Qc7 20. Rf3 Nxc3 21. Bxc3
Ne4 22. g6 Rg8 23. Kf1 Rxg6 24. Bd3 Rg1+ 25. Ke2 Rg2+ 26. Kf1 Rg1+ 27. Ke2 Ng5
28. Rf2 Qg3 29. Be1 Qg4+ 30. Kd2 Nf3+ 31. Rxf3 Qxf3 32. b4 b5 33. Qc5 Bg3 34.
Bxg3 Rxg3 35. Qe5 Rg2+ 36. Kc3 Qf2 37. Qe4 Qd2+ 38. Kb3 Qxa2+ 39. Kc3 Qa3+ 40.
Rb3 Qa1+ {White resigns} 0-1

[Event "Team 45 45 League T49"]
[Site "Internet Chess Club"]
[Date "2011.05.28"]
[Round "3"]
[White "Otelo"]
[Black "leland"]
[Result "1-0"]
[WhiteElo "1906"]
[BlackElo "1865"]
[Opening "French: Rubinstein variation"]
[ECO "C03"]
[Time "21:00:23"]
[TimeControl "2700+45"]

1. e4 e6 2. d4 d5 3. Nd2 dxe4 4. Nxe4 Nd7 5. Nf3 Ngf6 6. Nxf6+ Nxf6 7. Bd3 Be7
8. O-O O-O 9. c3 b6 10. Bf4 Bb7 11. Ne5 c5 12. dxc5 Bxc5 13. Qe2 Qe7 14. Rad1
Rfd8 15. Rfe1 Rac8 16. Bg5 h6 17. Bh4 Bd6 18. Ng4 Bf4 19. Nxf6+ gxf6 20. Qg4+
Bg5 21. f4 Kh8 22. fxg5 fxg5 23. Qh5 Qf6 24. Rf1 {Black resigns} 1-0

[Event "Team 45 45 League T49"]
[Site "Internet Chess Club"]
[Date "2011.06.04"]
[Round "3"]
[White "Paulkov"]
[Black "sibirica"]
[Result "1/2-1/2"]
[WhiteElo "2306"]
[BlackElo "2333"]
[Opening "Sicilian: accelerated fianchetto, Maróczy bind"]
[ECO "B36"]
[Time "20:00:29"]
[TimeControl "2700+45"]

1. e4 c5 2. Nf3 g6 3. d4 cxd4 4. Nxd4 Nc6 5. c4 Nf6 6. Nc3 d6 7. Be2 Nxd4 8.
Qxd4 Bg7 9. Bg5 O-O 10. O-O a5 11. Qd2 a4 12. f3 Qa5 13. Rad1 Be6 14. Nd5 Rfe8
15. Qxa5 Rxa5 16. Bd2 Rc5 17. Be3 Rcc8 18. Nb6 Rc6 19. Nxa4 Bxc4 20. Bxc4 Rxc4
21. b3 Rc2 22. Rf2 Rxf2 23. Kxf2 Ra8 24. Rd2 Nd7 25. Rc2 {Game drawn by mutual
agreement} 1/2-1/2

[Event "Team 45 45 League T49"]
[Site "Internet Chess Club"]
[Date "2011.05.30"]
[Round "3"]
[White "zeigmata"]
[Black "MaartenKoning"]
[Result "1/2-1/2"]
[WhiteElo "2278"]
[BlackElo "2243"]
[Opening "English: symmetrical, hedgehog system"]
[ECO "A30"]
[Time "14:03:49"]
[TimeControl "2700+45"]

1. Nf3 Nf6 2. c4 c5 3. Nc3 b6 4. g3 Bb7 5. Bg2 e6 6. O-O Be7 7. d4 cxd4 8. Nxd4
Bxg2 9. Kxg2 Qc7 10. Qd3 Nc6 11. Nxc6 Qxc6+ 12. e4 O-O 13. f3 Rfd8 14. Rd1 Rac8
15. b3 a6 16. a4 d6 17. Be3 Nd7 18. Rab1 Nc5 19. Qc2 Bf6 20. Bd4 Nd7 21. Bxf6
Nxf6 22. Qd3 Rd7 23. Rd2 Rcd8 24. Rbd1 Qc5 25. Ne2 h5 26. Qd4 Kf8 27. Rd3 Ke7
28. Rb1 Rc8 29. Nc3 Rdd8 30. Rbd1 Qxd4 31. Rxd4 g5 32. Kf2 Rc5 33. Ke3 h4 34. g4
Rcc8 35. h3 Nh7 36. R4d2 Nf8 37. f4 gxf4+ 38. Kxf4 Ng6+ 39. Ke3 Ne5 40. Kf2 Rc5
41. Kg2 Ng6 42. Kf3 Ne5+ 43. Ke3 Nc6 44. Ke2 Re5 45. Kf3 Na5 46. Rb1 Rg8 47. Re2
Rg6 48. Re3 Rf6+ 49. Ke2 Rf4 50. Rf3 Rxf3 51. Kxf3 Nc6 52. Rd1 Na5 53. Rb1 Nc6
54. Rd1 Na5 {Game drawn by mutual agreement} 1/2-1/2

[Event "Team 45 45 League T49"]
[Site "Internet Chess Club"]
[Date "2011.05.29"]
[Round "3"]
[White "Seaborgium"]
[Black "aww-rats"]
[Result "0-1"]
[WhiteElo "1953"]
[BlackElo "2107"]
[Opening "English: ultra-symmetrical variation"]
[ECO "A36"]
[Time "21:01:46"]
[TimeControl "2700+45"]

1. c4 c5 2. Nc3 Nc6 3. g3 g6 4. Bg2 Bg7 5. e3 Bxc3 6. bxc3 b6 7. Ne2 Bb7 8. O-O
d6 9. d3 Qd7 10. e4 O-O-O 11. Be3 e6 12. a4 Na5 13. Nc1 Bc6 14. Qc2 Ne7 15. Bg5
f5 16. Bxe7 Qxe7 17. Nb3 Nxb3 18. Qxb3 Qb7 19. a5 Kc7 20. Ra3 fxe4 21. dxe4 bxa5
22. Qa2 a4 23. Rb1 Qa8 24. Rxa4 Bxa4 25. Qxa4 Rb8 26. Qa5+ Kd7 27. Rd1 Rb6 28.
Qxc5 Qb8 29. Qd4 Rb1 30. c5 Rxd1+ 31. Qxd1 Rc8 32. cxd6 Qxd6 33. Qa4+ Ke7 34.
Qxa7+ Rc7 35. Qa5 Qc5 36. Qa8 Qxc3 37. Qg8 Qe1+ 38. Bf1 Qxe4 39. Qxh7+ Kd6 40.
Qh6 Rc2 41. h4 Qf3 42. Qe3 Qxe3 43. fxe3 Rd2 44. Bg2 Ke5 45. Bf3 Rb2 46. Kf1 Kf5
47. Ke1 e5 48. Kf1 e4 49. g4+ Ke5 50. Be2 Ra2 51. Kf2 Kf6 52. Kf1 Ra1+ 53. Kf2
Rh1 54. Kg3 Ke5 55. h5 gxh5 56. gxh5 Kf5 57. Kg2 Ra1 58. Kf2 Kg5 59. Kg3 Ra3 60.
Kf2 Ra2 61. Ke1 Kh4 62. Bd1 Kg3 63. Be2 Ra1+ 64. Bd1 Rb1 65. Ke2 Rb2+ 66. Ke1
Rh2 67. Kf1 Rh1+ 68. Ke2 Rxh5 69. Ke1 Rh1+ 70. Ke2 Rxd1 71. Kxd1 Kf2 72. Kd2 Kf3
73. Kd1 Kxe3 74. Ke1 Kd3 75. Kd1 e3 76. Ke1 e2 77. Kf2 Kd2 {White resigns} 0-1